 Dungeon Crawl Stone Soup version 0.31.0-11-ge490571c62 (webtiles) character file.

Game seed: 10281892728179383470

5209 hawla the Protected (level 10, -4/77 HPs)
             Began as a Minotaur Fighter on Feb 8, 2024.
             Was a Follower of Makhleb.
             Slain by an orc knight
             ... wielding a +0 war axe
              (24 damage)
             ... in a bailey.
             The game lasted 00:19:14 (7380 turns).

hawla the Protected (Minotaur Fighter)              Turns: 7380, Time: 00:19:15

Health: -4/77      AC: 15    Str: 24    XL:     10   Next: 35%
Magic:  9/9        EV: 10    Int: 11    God:    Makhleb [*.....]
Gold:   284        SH:  7    Dex: 17    Spells: 9/9 levels left

rFire   . . .        a - +1 war axe
rCold   . . .        c - +1 buckler
rNeg    . . .        r - +0 chain mail
rPois   .            (helmet restricted)
rElec   .            p - +1 cloak
rCorr   .            (no gloves)
SInv    .            (no boots)
Will    .....        (no amulet) Stlth
                     g - +6 ring of intelligence
HPRegen 0.32/turn    j - +6 ring of dexterity
MPRegen 0.11/turn

%: no passive effects
@: no status effects
A: horns 2, retaliatory headbutt
a: Renounce Religion


You were in a bailey.
You worshipped Makhleb.
Makhleb was aware of your devotion.
You visited 2 branches of the dungeon, and saw 10 of its levels.
You also visited: Bailey.

You collected 473 gold pieces.
You spent 189 gold pieces at shops.

Inventory:

Hand Weapons
 a - a +1 war axe (weapon)
 e - the +5 mace of Light {freeze, rC+ Str+3}
   (You found it on level 2 of the Dungeon)

   Str+3:     It affects your strength (+3).
   rC+:       It protects you from cold.
 u - a +4 broad axe of distortion
Missiles
 m - 10 poisoned darts (quivered)
Armour
 c - a +1 buckler (worn)
 p - a +1 cloak (worn)
 r - a +0 chain mail (worn)
Jewellery
 g - a +6 ring of intelligence (left hand)
 j - a +6 ring of dexterity (right hand)
Wands
 b - a wand of iceblast (20)
 f - a wand of flame (27)
 i - a wand of polymorph (11)
 o - a wand of paralysis (16)
 s - a wand of light (9)
Scrolls
 t - 2 scrolls of fear
 w - a scroll of revelation
Potions
 d - a potion of might
 h - 4 potions of curing
 n - a potion of berserk rage
 x - a potion of invisibility
 A - a potion of mutation {unknown}
 B - a potion of lignification {unknown}


   Skills:
 - Level 3.6 Fighting
 + Level 11.5 Axes
 - Level 14.0 Armour
 - Level 3.0 Dodging
 - Level 5.0 Shields


You had 9 spell levels left.
You didn't know any spells.
Your spell library was empty.

Dungeon Overview and Level Annotations

Branches:
Dungeon (9/15)             Temple (1/1) D:7            Lair (0/5) D:9
 Bailey (1/1)
    Orc: D:9-12

Altars:
Ashenzari
Cheibriados
Dithmenos
Elyvilon
Fedhas
Gozag
Hepliaklqana
Kikubaaqudgha
Makhleb
Nemelex Xobeh
Okawaru
Qazlal
Ru
Sif Muna
Trog
Uskayaw
Vehumet
Wu Jian
Xom
Yredelemnul
Zin
The Shining One

Shops:
D:5 (

Annotations:
D:9 1 runed translucent door, knightboat's ghost, journeyman TrMo


Innate Abilities, Weirdness & Mutations

You have a pair of horns on your head.
You reflexively headbutt those who attack you in melee.


Message History

You slice the orc knight!!
The orc knight is heavily wounded.
You hit the orc warrior.
The orc warrior hits you with a +0 war axe!
Unknown command.
The helpless orc knight fails to defend itself.
You hit the orc knight.
The orc knight is heavily wounded.
You slash the orc warrior!
The orc knight is no longer paralysed.
The orc knight hits you but does no damage.
You block the orc warrior's attack.
Unknown command.
You feel much better.
The orc knight hits you with a +0 war axe.
The orc warrior hits you with a +0 war axe.
Aiming: Bolt of Light
Press: ? - help, Shift-Dir - straight line, f - orc knight, p - orc knight
Aim: an orc knight, wielding a +0 war axe and wearing a +0 ring mail (strong, 64% to hit)
The bolt of light misses the orc knight.
The bolt of light hits the orc knight!
The orc knight is lightly wounded.
The orc knight is blinded.
The orc knight completely misses you.
The orc warrior hits you with a +0 war axe.
You barely miss the orc knight.
The orc knight is heavily wounded.
You closely miss the orc warrior. You block the orc knight's attack.
The orc warrior hits you with a +0 war axe!!
* * * LOW HITPOINT WARNING * * *
Unknown command.
You hit the orc knight.
The orc knight is heavily wounded.
You slash the orc warrior!
The orc warrior no longer looks unusually strong.
The orc knight hits you with a +0 war axe.
* * * LOW HITPOINT WARNING * * *
The orc warrior hits you with a +0 war axe!
* * * LOW HITPOINT WARNING * * *
You feel much better.
The orc knight hits you with a +0 war axe!!
You die...

#.......#
##.......##
#.........#
##.........## ##+
#.....⌠.....#
88.8
##.........##
..... #.........#
......##.......##
......o@.......#
.....oo##.....##
..⌠...g #######
....... .......
......# !...!?
!?∩!?#


You could see 2 orc knights, an orc warrior and a goblin.

Vanquished Creatures
  Pikel (D:4)
  Joseph (D:8)
  The ghost of jjjjj the Covered, a novice HOFi (D:5)
  A hornet (D:8)
  Sigmund (D:3)
  Eustachio (D:4)
  The ghost of ShellytheWitch the Sneak, an amateur KoBr (D:4)
  Duvessa (D:4)
  A water moccasin (D:6)
  A black bear (D:4)
  9 orc warriors
  2 ice beasts
  A centaur (D:5)
  A phantom (D:7)
  7 bullfrogs
  5 scorpions
  Dowan (D:4)
  5 killer bees (D:8)
  A howler monkey (D:5)
  A centaur zombie (D:4)
  3 orc priests
  A gnoll bouda (D:6)
  2 hounds
  2 jellies
  A centaur skeleton (D:4)
  2 sleepcaps
  Jessica (D:3)
  2 iguanas
  Ijyb (D:4)
  Terence (D:3)
  Natasha (D:3)
  6 orc wizards
  A howler monkey zombie (D:4)
  19 gnolls
  4 adders
  The ghost of SmokeWeed the Sneak, a weakling HODe (D:5)
  3 dart slugs
  2 ribbon worms
  30 orcs
  3 endoplasms
  A giant cockroach (D:3)
  13 goblins
  8 hobgoblins
  2 jackals (D:1)
  4 kobolds
  3 quokkas
  2 ball pythons
  5 bats
  4 frilled lizards (D:1)
  5 rats
176 creatures vanquished.

Notes
Turn   | Place    | Note
-------+----------+-------------------------------------------
     0 | D:1      | hawla the Minotaur Fighter began the quest for the Orb.
     0 | D:1      | Reached XP level 1. HP: 19/19 MP: 0/0
   285 | D:1      | Reached skill level 1 in Dodging
   531 | D:1      | Reached XP level 2. HP: 26/26 MP: 1/1
  1118 | D:2      | Reached XP level 3. HP: 31/31 MP: 2/2
  1215 | D:2      | Identified the +5 mace of Light {freeze, rC+ Str+3}
  1502 | D:3      | Noticed Sigmund
  1612 | D:3      | Found a broken altar of Ashenzari.
  1719 | D:3      | Killed Sigmund
  1720 | D:3      | Reached skill level 5 in Shields
  1720 | D:3      | Reached skill level 5 in Armour
  1720 | D:3      | Reached XP level 4. HP: 36/39 MP: 3/3
  1720 | D:3      | Reached XP level 5. HP: 41/45 MP: 4/4
  1747 | D:3      | You fall into a shaft and drop 1 floor!
  1969 | D:3      | Noticed Natasha
  1982 | D:3      | Killed Natasha
  1983 | D:3      | Reached skill level 6 in Armour
  2037 | D:3      | Noticed Terence
  2042 | D:3      | Killed Terence
  2204 | D:3      | Noticed Jessica
  2207 | D:3      | Reached XP level 6. HP: 45/51 MP: 5/5
  2212 | D:3      | Killed Jessica
  2512 | D:4      | Noticed Pikel
  2530 | D:4      | Killed Pikel
  2531 | D:4      | Reached skill level 9 in Armour
  2531 | D:4      | Reached XP level 7. HP: 38/57 MP: 6/6
  2633 | D:4      | Found a radiant altar of Vehumet.
  2645 | D:4      | Noticed ShellytheWitch's ghost (amateur KoBr)
  2646 | D:4      | Found a transporter.
  2666 | D:4      | Reached skill level 10 in Armour
  2705 | D:4      | Noticed Duvessa
  2712 | D:4      | Killed Duvessa
  2713 | D:4      | Reached XP level 8. HP: 48/64 MP: 7/7
  2713 | D:4      | Noticed Dowan
  2721 | D:4      | Killed Dowan
  2790 | D:4      | Noticed Ijyb
  2795 | D:4      | Paralysed by Ijyb for 5 turns
  2802 | D:4      | Killed Ijyb
  2803 | D:4      | Reached skill level 11 in Armour
  3106 | D:4      | Noticed Eustachio
  3111 | D:4      | Killed Eustachio
  3112 | D:4      | Reached skill level 12 in Armour
  3211 | D:4      | Found a transporter.
  3499 | D:4      | Killed ShellytheWitch's ghost
  3592 | D:5      | Entered Level 5 of the Dungeon
  3645 | D:5      | Found Uxei's Antique Weapon Boutique.
  3656 | D:5      | Bought a glowing broad axe for 189 gold pieces
  3679 | D:5      | Found an ancient bone altar of Kikubaaqudgha.
  3690 | D:5      | Found a sacrificial altar of Ru.
  3695 | D:5      | Reached skill level 13 in Armour
  3700 | D:5      | Found a snail-covered altar of Cheibriados.
  3714 | D:5      | Found an opulent altar of Gozag.
  4173 | D:5      | Found a runed translucent gate.
  4173 | D:5      | Found a runed translucent gate.
  4173 | D:5      | Found a runed translucent gate.
  4174 | D:5      | Noticed SmokeWeed's ghost (weakling HODe)
  4175 | D:5      | Noticed jjjjj's ghost (novice HOFi)
  4254 | D:5      | Killed SmokeWeed's ghost
  4276 | D:5      | Killed jjjjj's ghost
  4277 | D:5      | Reached XP level 9. HP: 4/63 MP: 8/8
  4581 | D:6      | Reached skill level 5 in Axes
  4629 | D:6      | Reached skill level 14 in Armour
  5394 | D:7      | Found a staircase to the Ecumenical Temple.
  5413 | Temple   | Entered the Ecumenical Temple
  5422 | Temple   | Became a worshipper of Makhleb the Destroyer
  5894 | D:8      | Noticed Joseph
  5913 | D:8      | Killed Joseph
  6467 | D:8      | Reached XP level 10. HP: 38/77 MP: 9/9
  6676 | D:8      | Reached skill level 10 in Axes
  6677 | D:8      | Reached * piety under Makhleb
  6807 | D:8      | Found a stormy altar of Qazlal.
  6847 | D:8      | Found an ornate altar of the Wu Jian Council.
  6886 | D:8      | Found a blossoming altar of Fedhas.
  6994 | D:9      | Noticed knightboat's ghost (journeyman TrMo)
  6994 | D:9      | Found a runed translucent door.
  7001 | D:9      | Found a shimmering altar of Xom.
  7137 | D:9      | Found a flagged portal.
  7151 | Bailey   | Entered a bailey
  7361 | Bailey   | Noticed an orc knight
  7363 | Bailey   | Noticed an orc knight
  7380 | Bailey   | Slain by an orc knight

Illustrated notes

Levels and vault maps discovered:
D:1:      giann_wishing_wells, layout_basic
D:2:      layout_rooms
D:3:      layout_basic, nicolae_ashenzari_skybound, serial_bayou_pond_b,
          kennysheep_generic_room_8, uniq_terence, uniq_natasha, uniq_sigmund,
          uniq_jessica
D:4:      layout_basic, mainiacjoe_overflow_surrounded_room,
          gammafunk_ghost_mausoleum, guppyfry_early_orc_mine, uniq_duvessa,
          uniq_pikel, uniq_ijyb, uniq_eustachio
D:5:      layout_layer_cave, grunt_temple_overflow_cloverleaf, serial_shops,
          shop, gammafunk_ghost_cemetery
D:6:      layout_basic
D:7:      layout_gridville, minmay_temple_entry_statues_fountains
D:8:      layout_cave_pools, grunt_qazlal_clouds,
          pdpol_wu_jian_five_deadly_venoms, fedhas_altar_2, uniq_joseph
D:9:      layout_long_grid, lemuel_coloured_pillars_altar, dpeg_oklobed_lair,
          enter_bailey_5, hellmonk_ghost_happy_afterlife, dk_noncrumbling_4
Temple:   hellmonk_temple_flake
Bailey:   bailey_axe_minmay_hex_keep, bailey

Skill      XL: |  1  2  3  4  5  6  7  8  9 10 |
---------------+-------------------------------+-----
Dodging        | 1 3 |  3.0
Shields        | 5 |  5.0
Armour         | 5 6 9 10 13 14 | 14.0
Axes           | 3 9 11 | 11.5
Fighting       | |  3.6

Action                     |  1- 3 |  4- 6 |  7- 9 | 10-12 || total
---------------------------+-------+-------+-------+-------++-------
  Melee: War axe           |    54 |       |    32 |    44 ||   130
         Headbutt          |    11 |     4 |    57 |    14 ||    86
         Mace              |    21 |    36 |   234 |    36 ||   327
         Unarmed           |    10 |       |       |       ||    10
  Throw: Dart              |     3 |     3 |     2 |       ||     8
  Evoke: Wand              |       |       |     2 |     2 ||     4
    Use: Scroll            |     1 |     3 |     8 |     7 ||    19
         Potion            |       |       |     5 |     2 ||     7
   Stab: Paralysed         |       |       |       |     6 ||     6
 Armour: Scale mail        |    49 |    17 |       |       ||    66
         Skin              |     2 |       |     3 |       ||     5
         Chain mail        |       |     9 |   318 |    70 ||   397
  Dodge: Dodged            |    50 |    14 |   184 |    41 ||   289
  Block: Buckler           |    16 |     7 |   100 |    42 ||   165
